 Dungeon Crawl Stone Soup version 0.20.1-1-g8b1a95d66d (webtiles) character file.

35 NullDivider the Vexing (level 3, 0/14 HPs)
             Began as a Felid Enchanter on Nov 15, 2017.
             Slain by a gnoll
             ... wielding a +0 spear
              (8 damage)
             ... on level 2 of the Dungeon.
             The game lasted 00:08:37 (1473 turns).

NullDivider the Vexing (Felid Enchanter)            Turns: 1473, Time: 00:08:38

Health: 0/14       AC:  1    Str:  4    XL:     3   Next: 17%
Magic:  4/7        EV: 18    Int: 17    God:
Gold:   147        SH:  0    Dex: 16    Spells: 3/6 levels left
                                        Lives:  0   Deaths: 0

rFire    . . .     SeeInvis +     - Unarmed
rCold    . . .     Gourm    .   (shield unavailable)
rNeg     . . .     Faith    .   (armour unavailable)
rPois    .         Spirit   .   (helmet unavailable)
rElec    .         Reflect  .   (cloak unavailable)
rCorr    .         Harm     .   (gloves unavailable)
MR       .....                  (boots unavailable)
Stlth    +++.......             (no amulet)
Regen    0.1/turn               (no ring)
MPRegen  0.1/turn               (no ring)

@: quick
A: no armour, no weapons or thrown items, stealth, claws 1, fangs 3, see
invisible, carnivore 3, speed 1, shaggy fur 1, slow metabolism 1, sharp paws
a: no special abilities


You were on level 2 of the Dungeon.
You were completely stuffed.

You visited 1 branch of the dungeon, and saw 2 of its levels.

You collected 147 gold pieces.

Inventory:

Scrolls
 e - a scroll of identify {unknown}
 h - a scroll of recharging {unknown}
 i - 2 scrolls of enchant armour {unknown}
Potions
 c - 2 potions of curing {unknown}
 d - a potion of haste {unknown}
 g - a potion of heal wounds {unknown}
Books
 a - a book of Maledictions

   Spells                             Type                      Level
   a - Corona                         Hexes                        1
   b - Ensorcelled Hibernation        Hexes/Ice                    2
   c - Confuse                        Hexes                        3
   d - Tukima's Dance                 Hexes                        3
   e - Dazzling Spray                 Conjuration/Hexes            3
Comestibles
 b - a meat ration
 j - a royal jelly


   Skills:
 + Level 3.3 Dodging
 + Level 4.4 Stealth
 + Level 2.0 Unarmed Combat
 * Level 2.1 Spellcasting
 * Level 4.6 Hexes


You had 3 spell levels left.
You knew the following spells:

 Your Spells              Type           Power        Failure   Level  Hunger
a - Corona                Hex            ###....      2%          1    #......
b - Ensorcelled Hibernat  Hex/Ice        #.....       11%         2    ###....


Dungeon Overview and Level Annotations

Branches:
Dungeon (2/15)

Altars:


Innate Abilities, Weirdness & Mutations

You cannot wear armour.
You are incapable of wielding weapons or throwing items.
Your paws allow you to move quietly. (Stealth)
You have sharp claws.
You have razor-sharp teeth.
You have supernaturally acute eyesight. (SInv)
You are carnivorous and can eat meat at any time.
You cover ground quickly.
You are covered in fur. (AC +1)
You have a slow metabolism.
Your sharp claws are effective at attacking unaware monsters.


Message History

Press: ? - help, Shift-Dir - straight line, f - gnoll
Aim: a gnoll, wielding a spear (hasn't noticed you, chance to defeat MR: 50%)
The gnoll shouts!
The gnoll resists with some effort.
The gnoll hits you from afar with a spear.
Casting: Ensorcelled Hibernation
Confirm with . or Enter, or press ? or * to list all spells.
Aiming: Corona
Press: ? - help, Shift-Dir - straight line, f/p - gnoll
Aim: a gnoll, wielding a spear (chance to defeat MR: 63%)
The gnoll is outlined in light.
The gnoll closely misses you.
Found 12 stones.
You scratch the gnoll.
The gnoll is lightly wounded.
The gnoll barely misses you.
You scratch the gnoll but do no damage.
The gnoll is lightly wounded.
The gnoll hits you with a spear!
Ouch! That really hurt!
You die...

..........###...###....
##+####.####.# #...###....
#...#+#.# #.# #.#........
........####'###%##......<
..............#...'.......
###....#......#..##.......
######......#..##......>
#......#..##.....#.
#.@....#..##.....#.
#.g....#..########.
#.......... .. .........##
... .....>..... ....
......#....# .......+.....
..#.(.#.#.##.#


You could see a gnoll.

Vanquished Creatures
  An adder (D:2)
  2 dart slugs (D:1)
  A leopard gecko (D:1)
  3 giant cockroaches
  3 goblins (D:1)
  A hobgoblin (D:2)
  2 kobolds (D:1)
  A ball python (D:1)
  3 bats
  A frilled lizard (D:2)
  5 rats
23 creatures vanquished.

Notes
Turn   | Place    | Note
-------+----------+-------------------------------------------
     0 | D:1      | NullDivider the Felid Enchanter began the quest for the Orb.
     0 | D:1      | Reached XP level 1. HP: 7/7 MP: 4/4
   292 | D:1      | Reached XP level 2. HP: 11/11 MP: 6/6
   953 | D:1      | Learned a level 2 spell: Ensorcelled Hibernation
  1347 | D:2      | Reached XP level 3. HP: 11/14 MP: 3/7
  1473 | D:2      | Slain by a gnoll

Skill      XL: |  1  2 |
---------------+-------+-----
Dodging        | 3 |  3.3
Unarmed Combat | 2 |  2.0
Stealth        | |  4.4
Spellcasting   | |  2.1
Hexes          | |  4.6

Action                   || total
-------------------------++-------
Melee: Unarmed           ||    75
       Bite              ||     4
 Cast: Corona            ||    22
       Ensorcelled Hiber ||     3
  Use: Scroll            ||     2
 Stab: Sleeping          ||     6
  Eat: Chunk             ||     9
Armor: Skin              ||     9
Dodge: Dodged            ||    67
